 Dungeon Crawl Stone Soup version 0.30-a0-939-gc8157cb160 (webtiles) character file.

Game seed: 6936344545990860544

66 cforsyth the Trooper (level 4, -3/25 HPs)
             Began as a Vine Stalker Fighter on Mar 25, 2023.
             Killed by divine providence
             ... invoked by an orc priest
              (10 damage)
             ... on level 2 of the Dungeon.
             The game lasted 00:02:13 (1565 turns).

cforsyth the Trooper (Vine Stalker Fighter)         Turns: 1565, Time: 00:02:14

Health: -3/25      AC:  6    Str: 21    XL:     4   Next: 15%
Magic:  0/5        EV: 19    Int:  8    God:
Gold:   87         SH:  4    Dex: 13    Spells: 3/3 levels left

rFire   . . .      SeeInvis .    a - +0 rapier
rCold   . . .      Faith    .    c - +0 buckler
rNeg    . . .      Spirit   +    b - +0 scale mail
rPois   .          Reflect  .    (no helmet)
rElec   .          Rampage  .    (no cloak)
rCorr   .                        (no gloves)
Will    .....                    (no boots) Stlth
                                 (no amulet)
HPRegen 1.04/turn                e - +5 ring of evasion
MPRegen 0.09/turn                o - +5 ring of evasion

@: no status effects
A: fangs 2, regeneration 1, magic shield, antimagic bite, no potion heal 2
a: no special abilities


You were on level 2 of the Dungeon.
You visited 1 branch of the dungeon, and saw 2 of its levels.

You collected 87 gold pieces.

Inventory:

Hand Weapons
 a - a +0 rapier (weapon)
Armour
 b - a +0 scale mail (worn)
 c - a +0 buckler (worn)
Jewellery
 e - a +5 ring of evasion (left hand)
 j - a ring of flight
 o - a +5 ring of evasion (right hand)
Scrolls
 h - 2 scrolls of fear {unknown}
 i - a scroll of enchant armour {unknown}
 l - a scroll of torment {unknown}
 n - 3 scrolls of identify {unknown}
 p - 2 scrolls of magic mapping {unknown}
 q - a scroll of fog {unknown}
 r - a scroll of poison {unknown}
Potions
 d - a potion of might
 f - a potion of lignification {unknown}
 g - a potion of haste {unknown}
 k - a potion of curing {unknown}
 m - a potion of berserk rage {unknown}


   Skills:
 + Level 3.6 Fighting
 + Level 3.0 Short Blades
 - Level 2.4 Armour
 - Level 2.6 Shields


You had 3 spell levels left.
You didn't know any spells.
Your spell library contained the following spells:

 Spells                   Type           Power      Damage    Failure   Level
 Dazzling Flash           Conj/Hex       0%         N/A       99%         3
 Agony                    Necr           0%         N/A       100%        5
 Silence                  Hex/Air        0%         N/A       100%        5


Dungeon Overview and Level Annotations

Branches:
Dungeon (2/15)

Altars:


Innate Abilities, Weirdness & Mutations

You have extremely sharp teeth.
Your natural rate of healing is unusually fast.
When hurt, damage is shared between your health and your magic reserves.
Your bite disrupts and absorbs the magic of your enemies.
Potions cannot restore your health.


Message History

You closely miss the orc. Your bite misses the orc.
The orc is almost dead.
The orc completely misses you.
You closely miss the orc. Your bite misses the orc.
The orc is almost dead.
The orc priest closely misses you. The orc hits you with a +0 short sword.
You barely miss the orc. Your bite misses the orc.
The orc is almost dead.
The orc priest mumbles some strange prayers to Beogh against you.
Beogh smites you! The orc completely misses you. You block the orc's attack.
You closely miss the orc. You bite the orc.
You kill the orc!
The orc priest hits you but does no damage.
The orc misses you.
You hit the orc priest but do no damage.
The orc priest hits you but does no damage.
The orc hits you but does no damage.
You hit the orc priest but do no damage.
The orc priest hits you with a +0 hand axe.
The orc closely misses you.
You hit the orc priest.
The orc priest is lightly wounded.
You block the orc priest's attack. The orc hits you but does no damage.
You hit the orc priest but do no damage.
You bite the orc priest, but do no damage.
The orc priest is lightly wounded.
The orc priest calls down the wrath of Beogh upon you.
Beogh smites you!
* * * LOW HITPOINT WARNING * * *
The orc hits you with a +0 club.
* * * LOW HITPOINT WARNING * * *
You hit the orc priest.
The orc priest is moderately wounded.
The orc priest misses you. The orc hits you but does no damage.
You hit the orc priest.
You bite the orc priest, but do no damage.
The orc priest is severely wounded.
The orc priest invokes the aid of Beogh against you.
Beogh smites you!
You die...

#.##...# #...##.# #
#....#.###..###.# ##
##..##.##..####.###.
#######...#...÷.##...##..
#...........(............
#.......).........÷#####.
#######.##.......#.### #.
#..##.....#.....###.
###.#@o......##...<.#.
#####....)o#####...#.##...
#........<.........#..##÷÷
#..........#####...##....#
#................#.##....#
#..........#####.#..#...##
#................##.#...#
#..........#####.# .#...#
#................# .#...#


You could see an orc priest and an orc.

Vanquished Creatures
  A gnoll (D:1)
  An adder (D:2)
  2 worms (D:2)
  2 orcs
  2 ball pythons
  2 endoplasms
  A giant cockroach (D:1)
  3 hobgoblins
  4 jackals (D:2)
  2 kobolds
  A quokka (D:1)
  5 bats
  A frilled lizard (D:1)
  4 goblins (D:1)
  5 rats
36 creatures vanquished.

Vanquished Creatures (others)
  3 plants (D:1)
3 creatures vanquished.

Grand Total: 39 creatures vanquished

Notes
Turn   | Place    | Note
-------+----------+-------------------------------------------
     0 | D:1      | cforsyth the Vine Stalker Fighter began the quest for the
                  | Orb.
     0 | D:1      | Reached XP level 1. HP: 11/11 MP: 2/2
     9 | D:1      | Noticed a bullfrog
   272 | D:1      | Reached XP level 2. HP: 4/16 MP: 0/3
   618 | D:1      | Reached XP level 3. HP: 12/20 MP: 4/4
  1115 | D:2      | Found a faded altar of an unknown god.
  1469 | D:2      | Gained mutation: Your natural rate of healing is unusually
                  | fast. [Vine Stalker growth]
  1469 | D:2      | Reached XP level 4. HP: 25/25 MP: 5/5
  1565 | D:2      | Killed from afar by an orc priest

Illustrated notes

Levels and vault maps discovered:
D:1:      evilmike_arrival_come_back, layout_loops_corners, serial_forest,
          infiniplex_forest_clump_medium, infiniplex_forest_clump_double,
          infiniplex_forest_clump_medium, infiniplex_forest_clump_tiny,
          infiniplex_forest_clump_double, infiniplex_forest_pool,
          infiniplex_forest_lined_3_way, infiniplex_forest_end_1,
          infiniplex_forest_end_3, nicolae_grassy_gnolls
D:2:      layout_rooms, basic_ecumenical_altar, minmay_misc_feat_rows,
          kennysheep_donut, kennysheep_generic_room_11

Skill      XL: |  1  2  3 |
---------------+----------+-----
Short Blades   | 2 3 |  3.0
Fighting       | 3 |  3.6
Armour         | |  2.4
Shields        | |  2.6

Action                     |  1- 3 |  4- 6 || total
---------------------------+-------+-------++-------
  Melee: Rapier            |   110 |    14 ||   124
         Bite              |    29 |     4 ||    33
 Armour: Scale mail        |    39 |     5 ||    44
  Dodge: Dodged            |    60 |     8 ||    68
  Block: Buckler           |    10 |     3 ||    13

Table legend: (Time is in decaauts)
 A = Elapsed time spent in this place.
 B = Non-inter-level travel time spent in this place.
 C = Inter-level travel time spent in this place.
 D = Time resting spent in this place.
 E = Time spent auto-exploring this place.
 F = Levels seen in this place.
 G = Mean time per level.
                   A        B        C        D        E       F      G
               +--------+--------+--------+--------+--------+-----+--------+
         Total |   1580 |   1494 |     86 |     31 |   1181 |   2 |  790.0 |
       Dungeon |   1580 |   1494 |     86 |     31 |   1181 |   2 |  790.0 |
               +--------+--------+--------+--------+--------+-----+--------+

Top non-repeatable levels by time:
     D:1: 1133 daAuts
     D:2: 446 daAuts
